AoeStats
← El bayano

Hideout

509258610Analyzed
1v1 RM · 7d ago on Sep 26, 2026· 35m 50s· 2 players
Game mode
Random Map
Map size
Tiny (2 player)
Population
200
Speed
Normal
Resources
Standard
Victory
Conquest
Starting age
Dark Age
Ending age
Imperial Age
RankedLock teamsTeams togetherTeam positionsShared explorationLock speedFull tech treeHidden civsTurbo modeCheats
Victory
Defeat
🇺🇾 Wu · Uruguay
1535
+13
🇲🇽 Romans · Mexico
1479
-13
El Cacas Vengador
10:04 Feudal Age
8:20 Loom
14:06 Castle Age
13:02 Double-Bit Axe
El bayano
12:05 Feudal Age
12:25 Feudal Age
13:33 Double-Bit Axe
16:25 Castle Age
15:17 Horse Collar
15:28 Loom
21:29 Fletching
25:05 Bodkin Arrow
Connection lost

Rejoining the realm…

Still unreachable

The connection could not be restored.

Session expired

The server has moved on; the page needs a fresh start.